 Dungeon Sprint DCSS version 0.30-a0-996-ga6910c8ee8 (webtiles) character file.

Game seed: 478739991498824772

25 rocky1 the Covert (level 3, -1/18 HPs)
             Began as a Vine Stalker Brigand on Apr 5, 2023.
             Slain by an ogre
             ... wielding a +0 giant club
              (19 damage)
             ... in the Dungeon (Sprint I: "Red Sonja").
             The game lasted 00:00:17 (12 turns).

rocky1 the Covert (Vine Stalker Brigand)              Turns: 12, Time: 00:00:17

Health: -1/18      AC:  3    Str: 13    XL:     3   Next: 4%
Magic:  0/4        EV: 11    Int: 11    God:
Gold:   0          SH:  0    Dex: 17    Spells: 2/2 levels left

rFire   . . .      SeeInvis .    a - +2 dagger
rCold   . . .      Faith    .    (no shield)
rNeg    . . .      Spirit   +    b - +0 robe
rPois   .          Reflect  .    (no helmet)
rElec   .          Rampage  .    c - +0 cloak
rCorr   .          NoTele   +    (no gloves)
Will    .....                    (no boots)
Stlth   ++++                     (no amulet)
HPRegen 0.23/turn                (no ring)
MPRegen 0.09/turn                (no ring)

@: no status effects
A: fangs 2, magic shield, antimagic bite, no potion heal 2
a: no special abilities


You were in the Dungeon.
You visited 1 branch

Inventory:

Hand Weapons
 a - a +2 dagger (weapon)
 m - a +1 dagger of distortion
Missiles
 d - 9 poisoned darts (quivered)
 e - 3 curare-tipped darts
Armour
 b - a +0 robe (worn)
 c - a +0 cloak (worn)
Wands
 k - a wand of polymorph (9)
Scrolls
 j - a scroll of blinking
Potions
 f - a potion of curing
 g - a potion of haste
 h - 2 potions of magic
 i - a potion of berserk rage
 l - 2 potions of heal wounds {unknown}


   Skills:
 + Level 2.3 Fighting
 + Level 2.4 Short Blades
 + Level 2.3 Throwing
 + Level 0.8 Dodging
 + Level 8.0 Stealth


You had 2 spell levels left.
You didn't know any spells.
Your spell library was empty.

Dungeon Overview and Level Annotations

Branches:
Dungeon (1/1)

Altars:


Innate Abilities, Weirdness & Mutations

You have extremely sharp teeth.
When hurt, damage is shared between your health and your magic reserves.
Your bite disrupts and absorbs the magic of your enemies.
Potions cannot restore your health.


Message History

Welcome, rocky1 the Vine Stalker Brigand.
Press ? for a list of commands and other information.
Found a staircase leading out of the dungeon.
You open the door.
Ijyb the Twisted Goblin comes into view.
She is wielding a +1 dagger of distortion and carrying a wand of polymorph (9).
There is an open door here.
The helpless Ijyb fails to defend herself.
You impale Ijyb!! You bite Ijyb, but do no damage.
Ijyb is almost dead.
You hit Ijyb.
You kill Ijyb!
Your Fighting skill increases to level 2!
Your Short Blades skill increases to level 2!
Your Throwing skill increases to level 2!
Your Stealth skill gained 4 levels and is now at level 8!
You have reached level 2!
You have reached level 3!
Your experience leads to an increase in your attributes!
Increase (S)trength, (I)ntelligence, or (D)exterity?
You feel agile. x2
Unknown command.
k - a wand of polymorph (9);
l - 2 glowing inky potions
Things that are here:
a +1 dagger of distortion; a +0 ring mail
m - a +1 dagger of distortion You open the door.
An ogre comes into view. It is wielding a +0 giant club.
There is an open door here.
The ogre shouts!
The ogre hits you with a +0 giant club!!
Ouch! That really hurt!
You die...

##########
#<.#.['@.#
#..'..#.O+
#..#####+#
#..# #..#
#..# #⌠⌠#
####


You could see an ogre.

Vanquished Creatures
  Ijyb (D)
1 creature vanquished.

Notes
Turn   | Place    | Note
-------+----------+-------------------------------------------
     0 | D        | rocky1 the Vine Stalker Brigand began the quest for the
                  | Orb.
     0 | D        | Reached XP level 1. HP: 11/11 MP: 2/2
     2 | D        | Noticed Ijyb
     5 | D        | Killed Ijyb
     6 | D        | Reached skill level 8 in Stealth
     6 | D        | Reached XP level 2. HP: 15/15 MP: 3/3
     6 | D        | Reached XP level 3. HP: 18/18 MP: 4/4
    10 | D        | Noticed an ogre
    12 | D        | Slain by an ogre

Illustrated notes

Levels and vault maps discovered:
D:        dungeon_sprint_1 [red_sonja_temple_1, red_sonja_temple_small_1]

Skill      XL: |  1 |
---------------+----+-----
Fighting       | 2 |  2.3
Short Blades   | 2 |  2.4
Throwing       | 2 |  2.3
Stealth        | 8 |  8.0
Dodging        | |  0.8

Action                     || total
---------------------------++-------
  Melee: Dagger            ||     2
         Bite              ||     1
   Stab: Sleeping          ||     1

Table legend: (Time is in decaauts)
 A = Elapsed time spent in this place.
 B = Non-inter-level travel time spent in this place.
 C = Inter-level travel time spent in this place.
 D = Time resting spent in this place.
 E = Time spent auto-exploring this place.
 F = Levels seen in this place.
 G = Mean time per level.
                   A        B        C        D        E       F      G
               +--------+--------+--------+--------+--------+-----+--------+
         Total |     11 |     11 |      0 |      0 |      0 |   1 |   11.0 |
       Dungeon |     11 |     11 |      0 |      0 |      0 |   1 |   11.0 |
               +--------+--------+--------+--------+--------+-----+--------+

Top non-repeatable levels by time:
       D: 11 daAuts
